AoeStats
← OGMudbone69

Black Forest

509011859Analyzed
2v2 RM · 6d ago on Sep 25, 2026· 96m 24s· 4 players
Game mode
Random Map
Map size
Medium (4 player)
Population
200
Speed
Normal
Resources
Standard
Victory
Conquest
Starting age
Dark Age
Ending age
Imperial Age
RankedLock teamsTeams togetherTeam positionsShared explorationLock speedFull tech treeHidden civsTurbo modeCheats
Victory
Defeat
🇺🇸 Britons · United States
827
+13
🇺🇸 Persians · United States
792
+15
🇺🇸 Wei · United States
767
-14
🇺🇸 Japanese · United States
759
-14
pdubs
1:34 Loom
11:21 Feudal Age
17:20 Castle Age
15:17 Double-Bit Axe
15:18 Horse Collar
16:13 Fletching
17:59 Bodkin Arrow
22:54 Bow Saw
27:33 Scale Barding Armor
32:04 Chain Barding Armor
35:22 Imperial Age
34:48 Gold Mining
36:27 Conscription
37:14 Gold Shaft Mining
37:06 Block Printing
37:33 Forging
39:01 Illumination
39:38 Elite Tiger Cavalry
41:41 Iron Casting
41:22 Bloodlines
41:14 Husbandry
41:31 Heavy Hei Guang Cavalry
43:40 Hoardings
43:16 Tuntian
42:51 Light Cavalry
44:04 Stone Mining
44:53 Wheelbarrow
44:06 Town Watch
45:15 Ming Guang Armor
45:11 Bracer
46:13 Blast Furnace
45:55 Hand Cart
45:43 Town Patrol
46:20 Hussar
47:32 Caravan
54:21 Ballistics
55:02 Chemistry
53:59 Murder Holes
54:48 Thumb Ring
55:09 Parthian Tactics
55:41 Fortified Wall
57:48 Padded Archer Armor
59:38 Stone Shaft Mining
63:40 Capped Ram
64:47 Capped Ram
68:43 Pikeman
70:01 Halberdier
70:43 Scale Mail Armor
70:59 Leather Archer Armor
73:57 Chain Mail Armor
80:47 Masonry
84:13 Elite Skirmisher
ddpubs
6:59 Loom
14:52 Feudal Age
15:57 Double-Bit Axe
15:57 Horse Collar
16:22 Gold Mining
19:26 Stone Mining
24:59 Castle Age
26:26 Fletching
26:46 Forging
26:37 Scale Mail Armor
28:09 Fortified Wall
28:06 Squires
27:52 Gambesons
28:46 Heavy Plow
37:28 Gold Shaft Mining
39:53 Imperial Age
40:05 Elite Samurai
48:16 Onager
50:26 Kataparuto
51:38 Iron Casting
60:19 Blast Furnace
59:34 Chain Mail Armor
59:14 Bodkin Arrow
76:47 Plate Mail Armor
76:17 Bracer
93:44 Pikeman
mikemarino99
0:33 Loom
12:19 Feudal Age
16:59 Castle Age
16:11 Fletching
21:01 Double-Bit Axe
21:02 Horse Collar
21:18 Gold Mining
22:19 Stone Mining
24:42 Bow Saw
26:14 Fortified Wall
27:25 Treadmill Crane
27:42 Murder Holes
27:53 Bodkin Arrow
28:47 Ballistics
29:50 Padded Archer Armor
29:56 Guard Tower
30:12 Squires
31:50 Forging
31:31 Man-at-Arms
35:49 Wheelbarrow
36:35 Murder Holes
38:56 Gold Shaft Mining
40:57 Imperial Age
38:15 Town Watch
39:25 Long Swordsman
40:44 Leather Archer Armor
41:02 Two-Handed Swordsman
41:45 Bracer
41:45 Scale Mail Armor
41:57 Gambesons
43:53 Conscription
44:50 Chemistry
44:54 Ring Archer Armor
44:39 Chain Mail Armor
45:50 Elite Longbowman
47:22 Plate Mail Armor
50:24 Keep
49:31 Champion
49:41 Pikeman
50:43 Arrowslits
51:55 Halberdier
53:54 Iron Casting
53:44 Hand Cart
56:13 Arson
62:40 Caravan
67:11 Masonry
69:44 Elite Skirmisher
OGMudbone69
0:31 Loom
13:31 Feudal Age
18:54 Castle Age
17:12 Double-Bit Axe
23:28 Horse Collar
29:53 Scale Barding Armor
29:59 Forging
31:33 Squires
32:17 Iron Casting
32:40 Heavy Plow
35:48 Imperial Age
33:52 Stone Mining
33:56 Gold Mining
34:18 Husbandry
36:25 Bloodlines
37:10 Wheelbarrow
37:46 Gold Shaft Mining
37:20 Fishing Lines
38:13 Crop Rotation
38:20 Gillnets
39:02 Hand Cart
39:24 Elite War Elephant
40:53 Stone Shaft Mining
40:30 Bow Saw
42:44 Two-Man Saw
43:06 Chemistry
42:38 Caravan
43:16 Citadels
42:41 Pikeman
43:18 Cavalier
44:46 Savar
46:14 Kamandaran
45:53 Halberdier
46:43 Thumb Ring
46:00 Crossbowman
50:35 Chain Barding Armor
51:15 Blast Furnace
51:04 Conscription
51:22 Hoardings
55:13 Plate Barding Armor
70:48 Fletching
81:00 Padded Archer Armor
80:55 Bodkin Arrow
96:12 Onager
Connection lost

Rejoining the realm…

Still unreachable

The connection could not be restored.

Session expired

The server has moved on; the page needs a fresh start.